 Dungeon Crawl Stone Soup version 0.17.1-3-g152610e (webtiles) character file.

25 Blunderbuss the Gusty (level 3, -5/19 HPs)
             Began as a Tengu Air Elementalist on Apr 2, 2016.
             Slain by a gnoll
             ... wielding a +0 spear
              (11 damage)
             ... on level 2 of the Dungeon.
             The game lasted 00:04:53 (853 turns).

Blunderbuss the Gusty (Tengu Air Elementalist)       Turns: 853, Time: 00:04:53

Health: -5/19      AC:  4    Str:  9    XL:     3   Next: 4%
Magic:  1/7        EV: 12    Int: 17    God:
Gold:   51         SH:  0    Dex: 14    Spells: 1 memorised, 5 levels left

rFire  . . .     SeeInvis .     d - +0 dagger
rCold  . . .     Clarity  .     a - +0 robe
rNeg   . . .     SustAt   .     (no shield)
rPois  .         Gourm    .     (helmet restricted)
rElec  .         Spirit   .     (no cloak)
rCorr  .         Warding  .     (no gloves)
rMut   .         Stasis   .     (boots unavailable)
MR     .....                    (no amulet)
Stlth  ++........               (no ring)
                                (no ring)

@: not resistant to hostile enchantments, unstealthy
A: beak, talons 3, yellow scales 1, clever 1, deterioration 1
a: no special abilities


You were on level 2 of the Dungeon.
You were hungry.

You visited 1 branch of the dungeon, and saw 2 of its levels.

You collected 51 gold pieces.

Inventory:

Hand Weapons
 d - a +0 dagger (weapon)
Armour
 a - a +0 robe (worn)
Scrolls
 e - a scroll of noise {unknown}
 h - 3 scrolls of identify {unknown}
 i - a scroll of amnesia {unknown}
 k - a scroll of remove curse {unknown}
Potions
 g - a potion of beneficial mutation {unknown}
 j - a potion of flight {unknown}
Books
 b - a book of Air

   Spells                             Type                      Level
   a - Shock                          Conjuration/Air              1
   b - Swiftness                      Charms/Air                   2
   c - Repel Missiles                 Charms/Air                   2
   d - Static Discharge               Conjuration/Air              3
   e - Lightning Bolt                 Conjuration/Air              5
Comestibles
 c - a bread ration
 f - a royal jelly


   Skills:
 + Level 2.3 Dodging
 + Level 2.1 Stealth
 + Level 2.2 Spellcasting
 + Level 1.7 Conjurations
 + Level 4.8 Air Magic


You had 5 spell levels left.
You knew the following spells:

 Your Spells              Type           Power        Failure   Level  Hunger
a - Shock                 Conj/Air       ##..         6%          1    #......


Dungeon Overview and Level Annotations

Branches:
Dungeon (2/15)

Altars:


Innate Abilities, Weirdness & Mutations

You have a beak for a mouth.
You have claws for feet.
You are partially covered in yellow scales (AC +2).
Your mind is acute. (Int +2)
Your body sometimes deteriorates upon taking damage.


Message History

The gnoll is severely wounded.
The zap hits the gnoll.
The gnoll is severely wounded.
The zap misses the gnoll.
The zap misses the rat.
The gnoll closely misses you.
You barely miss the jackal. You claw the jackal. Your peck misses the jackal.
The jackal is lightly wounded.
The jackal bites you but does no damage.
The gnoll closely misses you. The jackal misses you.
You hit the jackal. You claw the jackal, but do no damage.
The jackal is moderately wounded.
The jackal misses you. The gnoll closely misses you.
You hit the jackal but do no damage. Your kick misses the jackal.
The jackal is moderately wounded.
The jackal misses you.
You hit the jackal but do no damage.
The jackal is moderately wounded.
The jackal bites you.
The gnoll hits you from afar with a spear!
Ouch! That really hurt!
You die...

####### .....
....! ... ...
#.# #h# #@#
#†# #g# . #g#
..# #g###
...####r..#
#.#..##....#
#..........#
###
##..#.##..###


You could see 3 gnolls, a jackal and a rat.

Vanquished Creatures
  An ooze (D:1)
  A worm (D:2)
  3 goblins (D:1)
  A hobgoblin (D:1)
  A ball python (D:1)
  5 bats (D:1)
  2 giant newts (D:1)
  A jackal (D:2)
  2 kobolds (D:1)
  2 rats (D:1)
19 creatures vanquished.

Notes
Turn   | Place    | Note
--------------------------------------------------------------
     0 | D:1      | Blunderbuss the Tengu Air Elementalist began the quest for the Orb.
     0 | D:1      | Reached XP level 1. HP: 10/10 MP: 4/4
   175 | D:1      | Reached XP level 2. HP: 15/15 MP: 3/6
   785 | D:2      | Gained mutation: Your body sometimes deteriorates upon taking damage. [potion of mutation]
   785 | D:2      | Gained mutation: Your mind is acute. (Int +2) [potion of mutation]
   785 | D:2      | Gained mutation: You are partially covered in yellow scales (AC +2). [potion of mutation]
   802 | D:2      | Reached XP level 3. HP: 16/19 MP: 0/7
   853 | D:2      | Slain by a gnoll

Action                   || total
-------------------------++-------
Melee: Unarmed           ||     1
       Dagger            ||    28
 Cast: Shock             ||    47
  Use: Potion            ||     3
 Stab: Sleeping          ||     1
